 Dungeon Crawl Stone Soup version 0.29-a0-344-ge2f44be95a (webtiles) character file.

Game seed: 2981929671203111112

1379 iguanaiguana the Cleaver (level 8, -1/59 HPs)
             Began as a Minotaur Chaos Knight on Apr 22, 2022.
             Was a Plaything of Xom.
             Slain by a centaur (2 damage)
             ... on level 6 of the Dungeon.
             The game lasted 00:10:47 (5299 turns).

iguanaiguana the Cleaver (Minotaur Chaos Knight)    Turns: 5299, Time: 00:10:47

Health: -1/59      AC: 15    Str: 19 (20) XL:     8   Next: 39%
Magic:  7/7        EV:  4    Int:  9      God:    Xom [...*..]
Gold:   201        SH:  9    Dex:  9      Spells: 7/7 levels left

rFire   . . .      SeeInvis .   d - +1 war axe
rCold   . . .      Faith    .   e - +0 kite shield
rNeg    . . .      Spirit   .   t - +0 plate armour
rPois   .          Reflect  .   (helmet restricted)
rElec   .          Harm     .   (no cloak)
rCorr   .          Rampage  .   (no gloves)
Will    .....                   r - +2 pair of boots
Stlth   ..........              (no amulet)
HPRegen 0.19/turn               (no ring)
MPRegen 0.10/turn               (no ring)

@: no status effects
A: horns 2, retaliatory headbutt, deterioration 2, frail 1
a: Renounce Religion


You were on level 6 of the Dungeon.
You worshipped Xom.
You were a favourite toy of Xom.
You visited 1 branch of the dungeon, and saw 6 of its levels.
You also visited: Ossuary.

You collected 201 gold pieces.

Inventory:

Hand Weapons
 d - a +1 war axe (weapon)
Missiles
 q - 4 boomerangs
 s - 15 poisoned darts
 u - 3 silver boomerangs
Armour
 e - a +0 kite shield (worn)
 o - a +0 pair of boots
 r - a +2 pair of boots (worn)
 t - a +0 plate armour (worn)
Jewellery
 b - a ring of protection from fire
Scrolls
 f - a scroll of brand weapon {unknown}
 g - a scroll of silence
 h - a scroll of teleportation {@r3}
 j - a scroll of enchant armour {unknown}
 m - 2 scrolls of amnesia {unknown}
Potions
 a - a potion of heal wounds {@q2}
 i - a potion of brilliance
 k - a potion of resistance {unknown}
 n - a potion of magic {unknown}
 p - a potion of ambrosia
 v - 2 potions of cancellation
Miscellaneous
 c - a piece from Xom's chessboard (14/15) (quivered)


   Skills:
 - Level 3.6 Fighting
 - Level 10.0 Axes
 - Level 6.0 Armour
 - Level 1.1 Dodging
 + Level 5.8 Shields


You had 7 spell levels left.
You didn't know any spells.
Your spell library was empty.

Dungeon Overview and Level Annotations

Branches:
Dungeon (6/15)             Temple (0/1) D:6         Ossuary (visited)

Altars:

Annotations:
D:6 2 transporters, spaghetti's ghost, novice OpCj


Innate Abilities, Weirdness & Mutations

You have a pair of horns on your head.
You reflexively headbutt those who attack you in melee.
Your body often deteriorates upon taking damage.
You are frail. (-10% HP)


Message History

The killer bee stings you.
* * * LOW HITPOINT WARNING * * *
As you read the scroll of fear, it crumbles to dust.
You assume a fearsome visage.
The orc looks frightened! x4
The killer bee looks frightened! x4
You feel very sick.
Your killer bee barely misses the killer bee.
Your killer bee stings the killer bee!
You feel very sick.
Your killer bee stings the killer bee.
The killer bee dies!
Your piece from Xom's chessboard (14/15) has regained one charge.
Your surroundings suddenly seem different.
You feel sick.
You start resting.
You feel sick. x4
A phantom comes into view.
You feel sick.
You feel sick.
A centaur comes into view.
Found a club.
You feel sick.
You are no longer poisoned.
The centaur shouts!
The centaur wields a +0 shortbow.
The centaur shoots an arrow.
The arrow hits you but does no damage.
You are too injured to fight recklessly!
You are too injured to fight recklessly!
The centaur shoots an arrow.
You block the arrow.
The centaur shoots an arrow.
You block the arrow.
The centaur unwields a +0 shortbow.
The centaur hits you but does no damage.
You block the centaur's attack.
You hit the centaur.
The centaur is lightly wounded.
The centaur hits you.
* * * LOW HITPOINT WARNING * * *
The centaur kicks you.
* * * LOW HITPOINT WARNING * * *
You block the centaur's attack. The centaur kicks you.
You die...
Xom roars with laughter!

...o..#. .#
.#### .o.#
.W..(. .# ....
o.# #....#
..###).# ..#
#....# ...#.#
.## #.....#
#...## #.#
...##..###....##
#.##..#
#.........##
##....#
##.###.....#
.....## #.##
#@..##...
..###.#####.##
#c.## .##
##..#....# #..#
## ##.....# ....
# ##....## .....
# #.....##......
## .
#............##
.. ..
#............##.
#)######........


You could see a centaur.

Vanquished Creatures
  Menkaure (D:6)
  Edmund (D:5)
  An ice beast (D:6)
  An ogre (D:6)
  A centaur (D:6)
  A phantom (D:5)
  A gnoll sergeant (D:3)
  A scorpion (D:5)
  6 killer bees (D:4)
  A hound (D:4)
  A jelly (D:3)
  2 iguanas
  An orc wizard (D:4)
  2 mummies
  7 gnolls
  An adder (D:5)
  A river rat (D:1)
  An ufetubus (D:6)
  A worm (D:3)
  3 dart slugs
  2 orcs (D:3)
  3 spectral bats (Ossuary)
  8 bat simulacra (Ossuary)
  4 endoplasms
  5 giant cockroaches
  12 gnoll zombies (Ossuary)
  5 goblins
  6 hobgoblins
  2 jackals (D:5)
  5 kobolds
  6 quokkas
  2 frilled lizards
  2 goblin simulacra (Ossuary)
  5 goblin zombies (Ossuary)
  3 hobgoblin zombies (Ossuary)
  2 kobold simulacra (Ossuary)
  5 kobold zombies (Ossuary)
  5 orc zombies (Ossuary)
  6 rats
  A rat simulacrum (Ossuary)
  A spectral goblin (Ossuary)
  2 spectral kobolds (Ossuary)
  2 spectral rats (Ossuary)
129 creatures vanquished.

Vanquished Creatures (collateral kills)
  2 killer bees (D:6)
2 creatures vanquished.

Vanquished Creatures (others)
  A killer bee (D:6)
1 creature vanquished.

Grand Total: 132 creatures vanquished

Notes
Turn   | Place    | Note
-------+----------+-------------------------------------------
     0 | D:1      | iguanaiguana the Minotaur Chaos Knight began the quest for
                  | the Orb.
     0 | D:1      | Reached XP level 1. HP: 19/19 MP: 0/0
    33 | D:1      | XOM: silly message
   191 | D:1      | Reached skill level 4 in Axes
   202 | D:1      | Reached XP level 2. HP: 27/27 MP: 1/1
   290 | D:1      | XOM: noise
   407 | D:1      | XOM: polymorph quokka -> river rat
   493 | D:1      | Reached skill level 5 in Axes
   510 | D:1      | Reached XP level 3. HP: 33/33 MP: 2/2
   754 | D:2      | XOM: give mutations
   754 | D:2      | Gained mutation: You are frail. (-10% HP) [Xom's mischief]
   754 | D:2      | Gained mutation: Your body sometimes deteriorates upon
                  | taking damage. [Xom's mischief]
   793 | D:2      | XOM: cloud trail
   801 | D:2      | XOM is BORED!
   801 | D:2      | XOM: 2-stop teleportation journey
  1009 | D:2      | XOM: god gift: ring mail {god gift}
  1077 | D:2      | Found a faded altar of an unknown god.
  1454 | D:3      | Noticed a gnoll sergeant
  1552 | D:3      | HP: 1/29 [acid (7)]
  1555 | D:3      | Reached skill level 6 in Axes
  1555 | D:3      | Reached XP level 4. HP: 27/36 MP: 3/3
  1668 | D:3      | XOM: give mutation
  1668 | D:3      | Gained mutation: You possess an exceptional clarity of
                  | mind. [Xom's mischief]
  1709 | D:3      | XOM: god gift: 3 silver boomerangs
  1732 | D:3      | You fall into a shaft and drop 1 floor!
  1829 | D:4      | Reached skill level 7 in Axes
  1829 | D:4      | Reached XP level 5. HP: 16/41 MP: 4/4
  1838 | D:4      | XOM: polymorph endoplasm -> kobold
  1839 | D:4      | XOM: confuse monster(s)
  1840 | D:4      | XOM: fog
  1841 | D:4      | Reached skill level 8 in Axes
  1844 | D:4      | Reached XP level 6. HP: 20/46 MP: 5/5
  1911 | D:4      | Reached skill level 5 in Armour
  1976 | D:4      | Noticed a shapeshifter
  1976 | D:4      | an orc changed into a shapeshifter
  1976 | D:4      | Noticed a harpy
  1976 | D:4      | a shapeshifter changed into a harpy
  1978 | D:4      | Noticed a wind drake
  1978 | D:4      | a harpy changed into a wind drake
  2465 | D:3      | XOM: summons friendly ufetubus
  2476 | D:3      | Reached XP level 7. HP: 10/52 MP: 6/6
  2606 | D:3      | XOM: summons 4 hostile demons
  2610 | D:3      | HP: 2/52 [white imp/puff of frost[Xom] (4)]
  2799 | D:2      | XOM: give mutations
  2799 | D:2      | Lost mutation: You possess an exceptional clarity of mind.
                  | [Xom's mischief]
  2799 | D:2      | Gained mutation: Your body often deteriorates upon taking
                  | damage. [Xom's mischief]
  3067 | D:4      | Noticed a death drake
  3067 | D:4      | a death drake changed into a swamp worm
  3070 | D:4      | XOM: fog
  3388 | D:5      | Entered Level 5 of the Dungeon
  3571 | D:5      | Reached skill level 9 in Axes
  3702 | D:5      | Found a sand-covered staircase.
  3793 | Ossuary  | Entered an ossuary
  4281 | D:5      | Noticed Edmund
  4303 | D:5      | Killed Edmund
  4356 | D:5      | XOM: silly message
  4401 | D:5      | XOM: cloud trail
  4623 | D:5      | Noticed a troll
  4648 | D:6      | Noticed Menkaure
  4661 | D:6      | Killed Menkaure
  4662 | D:6      | Reached skill level 10 in Axes
  4662 | D:6      | Reached XP level 8. HP: 22/59 MP: 7/7
  4670 | D:6      | XOM: cloud trail
  4917 | D:6      | XOM: cloud trail
  5060 | D:6      | Noticed spaghetti's ghost (novice OpCj)
  5061 | D:6      | Found a transporter.
  5061 | D:6      | Noticed a hornet
  5066 | D:6      | Found a transporter.
  5066 | D:6      | Noticed a queen bee
  5203 | D:6      | Found a staircase to the Ecumenical Temple.
  5243 | D:6      | Reached skill level 5 in Shields
  5281 | D:6      | XOM: enchant monster (good)
  5299 | D:6      | HP: 1/59 [centaur (3)]
  5299 | D:6      | Slain by a centaur

Illustrated notes

Levels and vault maps discovered:
D:1:      minmay_arrival_four_houses, layout_loops_ring
D:2:      layout_basic, ebering_ecumenical_altar_sacrificial
D:3:      layout_rooms
D:4:      wad_pebble_path, layout_basic, roderic_lattice_a,
          kennysheep_generic_room_8
D:5:      layout_loops_ring, gup_ossuary_entry_pyramid, uniq_edmund
D:6:      layout_layer_cave, minmay_temple_entry_sparse_star,
          gammafunk_ghost_hive, uniq_menkaure

Skill      XL: |  1  2  3  4  5  6  7  8 |
---------------+-------------------------+-----
Axes           | 4 5 6 7 8 10 | 10.0
Armour         | 3 5 6 |  6.0
Shields        | 2 5 |  5.8
Fighting       | |  3.6
Dodging        | |  1.1

Action                   |  1- 3 |  4- 6 |  7- 9 || total
-------------------------+-------+-------+-------++-------
Melee: Hand axe          |    82 |    54 |       ||   136
       Headbutt          |    12 |    10 |    33 ||    55
       War axe           |       |    19 |   187 ||   206
       Punch             |       |       |     3 ||     3
Throw: Dart              |       |       |     2 ||     2
Evoke: Piece from Xom's  |     2 |       |     5 ||     7
  Use: Potion            |     1 |     7 |       ||     8
       Scroll            |       |     7 |     9 ||    16
Armor: Leather armour    |    37 |       |       ||    37
       Plate armour      |       |    46 |   110 ||   156
Dodge: Dodged            |    29 |    25 |    62 ||   116
Block: Kite shield       |       |       |     8 ||     8

Table legend: (Time is in decaauts)
 A = Elapsed time spent in this place.
 B = Non-inter-level travel time spent in this place.
 C = Inter-level travel time spent in this place.
 D = Time resting spent in this place.
 E = Time spent auto-exploring this place.
 F = Levels seen in this place.
 G = Mean time per level.
                   A        B        C        D        E       F      G
               +--------+--------+--------+--------+--------+-----+--------+
         Total |   5279 |   4967 |    312 |   1069 |   3049 |   7 |  754.1 |
       Dungeon |   4860 |   4548 |    312 |   1031 |   2846 |   6 |  810.0 |
       Ossuary |    419 |    419 |      0 |     38 |    203 |   1 |  419.0 |
               +--------+--------+--------+--------+--------+-----+--------+

Top non-repeatable levels by time:
     D:3: 1219 daAuts
     D:2: 1095 daAuts
     D:5: 842 daAuts
     D:1: 719 daAuts
     D:6: 655 daAuts
 Ossuary: 419 daAuts
     D:4: 327 daAuts
